 Dungeon Crawl Stone Soup version 0.26-a0-1086-g9010512d90 (webtiles) character file.

Game seed: 6948066085096807513

81 LufLufFighter the Vandal (level 4, 0/30 HPs)
             Began as a Halfling Hunter on Dec 14, 2020.
             Slain by a worker ant (3 damage)
             ... on level 2 of the Dungeon.
             The game lasted 00:09:50 (1570 turns).

LufLufFighter the Vandal (Halfling Hunter)          Turns: 1570, Time: 00:09:50

Health: 0/30       AC:  5    Str: 14    XL:     4   Next: 68%
Magic:  4/4        EV: 13    Int:  9    God:
Gold:   102        SH:  0    Dex: 14    Spells: 3/3 levels left

rFire    . . .     SeeInvis .   b - +0 short sword
rCold    . . .     Faith    .   (shield restricted)
rNeg     . . .     Spirit   .   f - +0 ring mail (curse)
rPois    .         Reflect  .   (no helmet)
rElec    .         Harm     .   (no cloak)
rCorr    .         Rampage  .   (no gloves)
Will     .....                  (no boots)
Stlth    +.........             (no amulet)
HPRegen  0.10/turn              (no ring)
MPRegen  0.09/turn              (no ring)

@: lethally poisoned (0 -> -8)
A: small, mutation resistance 1
a: no special abilities


You were on level 2 of the Dungeon.
You visited 1 branch of the dungeon, and saw 2 of its levels.

You collected 102 gold pieces.

Inventory:

Hand Weapons
 a - a +1 hunting sling
 b - a +0 short sword (weapon)
Missiles
 c - 52 stones (quivered)
 d - 8 sling bullets
Armour
 f - a cursed +0 ring mail (worn)
Scrolls
 g - 2 scrolls of identify {unknown}
 k - 2 scrolls of teleportation {unknown}
 m - a scroll of immolation {unknown}
 n - a scroll of enchant armour {unknown}
Potions
 i - a potion of heal wounds {unknown}
 j - a potion of might
 l - a potion of berserk rage {unknown}
 o - a potion of attraction {unknown}


   Skills:
 * Level 2.7 Fighting
 * Level 6.7(7.1) Slings
 * Level 2.1(3.6) Throwing
 - Level 2.1 Dodging
 - Level 1.1 Stealth


You had 3 spell levels left.
You didn't know any spells.
Your spell library was empty.

Dungeon Overview and Level Annotations

Branches:
Dungeon (2/15)

Altars:


Innate Abilities, Weirdness & Mutations

You are small and have problems with some larger weapons.
You are somewhat resistant to further mutation.


Message History

The worker ant closely misses you.
You hit the worker ant.
The worker ant is moderately wounded.
You feel sick. The worker ant misses you.
You hit the worker ant.
The worker ant is heavily wounded.
The worker ant closely misses you. The worker ant bites you.
* * * LOW HITPOINT WARNING * * *
You hit the worker ant but do no damage.
The worker ant is heavily wounded.
The worker ant barely misses you.
You hit the worker ant.
The worker ant is severely wounded.
You feel sick. The worker ant bites you.
* * * LOW HITPOINT WARNING * * *
You are lethally poisoned!
The worker ant poisons you!
* * * LOW HITPOINT WARNING * * *
You feel sick. The worker ant bites you.
You die...

....## #.#..#..#[..
......# ############
#.....## ..........
#....##
######.####...
#.†.##
#...........<#
##...###
#..)......####
##....###
#.........#
##.....###.#########
##..B@....#
###......# ###...##
#####


You could see a worker ant.

Vanquished Creatures
  2 adders (D:2)
  2 oozes (D:2)
  A dart slug (D:2)
  2 bats
  5 giant cockroaches
  6 goblins
  5 hobgoblins
  6 jackals (D:1)
  11 kobolds
  2 quokkas (D:2)
  7 frilled lizards
  3 rats
52 creatures vanquished.

Notes
Turn   | Place    | Note
-------+----------+-------------------------------------------
     0 | D:1      | LufLufFighter the Halfling Hunter began the quest for the
                  | Orb.
     0 | D:1      | Reached XP level 1. HP: 14/14 MP: 1/1
   163 | D:1      | Reached skill level 6 in Slings
   163 | D:1      | Reached XP level 2. HP: 19/19 MP: 2/2
   432 | D:1      | Reached skill level 1 in Throwing
   558 | D:1      | Reached XP level 3. HP: 24/24 MP: 3/3
  1079 | D:2      | Reached XP level 4. HP: 30/30 MP: 4/4
  1570 | D:2      | Slain by a worker ant

Illustrated notes

Levels and vault maps discovered:
D:1:      moated_graveyard_arrival, layout_loops_cross
D:2:      minmay_razor_zed, layout_rooms, serial_curves, eino_curves_01,
          eino_curves_04, eino_curves_02

Skill      XL: |  1  2  3  4 |
---------------+-------------+-----
Fighting       | 2 |  2.7
Slings         | 6 |  6.7
Throwing       | 1 2 |  2.1
Dodging        | |  2.1
Stealth        | |  1.1

Action                   |  1- 3 |  4- 6 || total
-------------------------+-------+-------++-------
Melee: Short sword       |    74 |    53 ||   127
 Fire: Hunting sling     |    76 |       ||    76
Throw: Stone             |     3 |    11 ||    14
  Use: Scroll            |     1 |       ||     1
       Potion            |       |     3 ||     3
Armor: Ring mail         |    30 |    20 ||    50
Dodge: Dodged            |    75 |    45 ||   120

Table legend: (Time is in decaauts)
 A = Elapsed time spent in this place.
 B = Non-inter-level travel time spent in this place.
 C = Inter-level travel time spent in this place.
 D = Time resting spent in this place.
 E = Time spent auto-exploring this place.
 F = Levels seen in this place.
 G = Mean time per level.
                   A        B        C        D        E       F      G
               +--------+--------+--------+--------+--------+-----+--------+
         Total |   1562 |   1547 |     15 |    265 |    911 |   2 |  781.0 |
       Dungeon |   1562 |   1547 |     15 |    265 |    911 |   2 |  781.0 |
               +--------+--------+--------+--------+--------+-----+--------+

Top non-repeatable levels by time:
     D:1: 831 daAuts
     D:2: 730 daAuts
